TOP OF THE 1ST |
Princeton Rays batting - Pitching for Detroit (APP) Tigers : RHP Eric Teixeira
|
Pitching: RHP Eric Teixeira
|
|
Batting: LHB Jason McCamey
|
0-0: Called Strike 0-1: Called Strike 0-2: Foul Ball, location: 2F 0-2: Ball 1-2: Strikes out swinging
|
Batting: RHB Will Timmer
|
0-0: Ball 1-0: Ball 2-0: Fly out, F7 (Flyball, 78D, EV 78.1 MPH)
|
Batting: LHB Yasahiko Teshima
|
0-0: Ball 1-0: SINGLE (Groundball, 4, EV 101.3 MPH) (infield hit)
|
Batting: RHB Hugo Bautista
|
0-0: Ball 1-0: Ball 2-0: Foul Ball, location: 2F 2-1: Ball Wild Pitch! Yasahiko Teshima to second 3-1: Fly out, F6 (Flyball, 56D, EV 96.3 MPH)
|
Top of the 1st over - 0 runs, 1 hit, 0 errors, 1 left on base; Princeton 0 - Detroit (APP) 0 |
BOTTOM OF THE 1ST |
Detroit (APP) Tigers batting - Pitching for Princeton Rays : RHP Brian Ramirez
|
Pitching: RHP Brian Ramirez
|
|
Batting: RHB Brian Bartholomew
|
0-0: Ball 1-0: Ground out 6-3 (Groundball, 6, EV 82.5 MPH)
|
Batting: RHB Raul Villa
|
0-0: Ball 1-0: Called Strike 1-1: Ball 2-1: Swinging Strike 2-2: Foul Ball, location: 2F 2-2: Foul Ball, location: 2F 2-2: Ball 3-2: Base on Balls
|
Batting: RHB Drew Shamis
|
0-0: Called Strike 0-1: Swinging Strike 0-2: Strikes out looking
|
Batting: RHB Mark Williamson
|
0-0: Ball 1-0: Called Strike 1-1: Called Strike 1-2: Strikes out swinging
|
Bottom of the 1st over - 0 runs, 0 hits, 0 errors, 1 left on base; Princeton 0 - Detroit (APP) 0 |
TOP OF THE 2ND |
Princeton Rays batting - Pitching for Detroit (APP) Tigers : RHP Eric Teixeira
|
Batting: SHB Tristan Dearing
|
0-0: SINGLE (Groundball, 6MD, EV 105.6 MPH)
|
Batting: RHB Jorge Molina
|
0-0: Called Strike 0-1: Ball Wild Pitch! Tristan Dearing to second 1-1: Foul Ball, location: 2F 1-2: Ground out 6-3 (Groundball, 6S, EV 81.3 MPH) Tristan Dearing to third
|
Batting: RHB Eric Bushey
|
0-0: Ball 1-0: Ball 2-0: Ball 3-0: Called Strike 3-1: Foul Ball, location: 2F 3-2: DOUBLE (Line Drive, 78D, EV 111.9 MPH) Tristan Dearing scores
|
Batting: RHB Andy Torres
|
0-0: Ground out 6-3 (Groundball, 6, EV 76.9 MPH) Eric Bushey to third
|
Batting: RHB Jimmy Hammertime
|
0-0: Called Strike 0-1: Foul Ball, location: 2F 0-2: Ball 1-2: Strikes out swinging passed ball, reaches first! Eric Bushey scores
|
Batting: LHB Jason McCamey
|
0-0: Foul Ball, location: 2F 0-1: Foul Ball, location: 2F 0-2: Foul Ball, location: 2F 0-2: Ball Wild Pitch! Jimmy Hammertime to second 1-2: Strikes out swinging
|
Top of the 2nd over - 2 runs, 2 hits, 0 errors, 1 left on base; Princeton 2 - Detroit (APP) 0 |
BOTTOM OF THE 2ND |
Detroit (APP) Tigers batting - Pitching for Princeton Rays : RHP Brian Ramirez
|
Batting: RHB Danny Doster
|
0-0: Ball 1-0: Called Strike 1-1: Ground out 6-3 (Groundball, 6, EV 83.1 MPH)
|
Batting: LHB Mike Elliott
|
0-0: Ball 1-0: Hit by Pitch
|
Batting: RHB Mike Pollock
|
0-0: Called Strike 0-1: Ball 1-1: Swinging Strike 1-2: Foul Ball, location: 2F 1-2: Strikes out swinging
|
Batting: RHB Mike Ivanov
|
0-0: Called Strike 0-1: Foul Ball, location: 2F 0-2: Foul Ball, location: 2F 0-2: Foul Ball, location: 2F 0-2: Ball 1-2: Fielders Choice at 2nd, 6-4 (Groundball, 6, EV 101.3 MPH)
|
Bottom of the 2nd over - 0 runs, 0 hits, 0 errors, 1 left on base; Princeton 2 - Detroit (APP) 0 |
TOP OF THE 3RD |
Princeton Rays batting - Pitching for Detroit (APP) Tigers : RHP Eric Teixeira
|
Batting: RHB Will Timmer
|
0-0: Called Strike 0-1: Foul Ball, location: 2F 0-2: Ball 1-2: Ball 2-2: Foul Ball, location: 2F 2-2: Ground out 5-3 (Groundball, 56S, EV 93.8 MPH)
|
Batting: LHB Yasahiko Teshima
|
0-0: Ball 1-0: Ball 2-0: Ball 3-0: SINGLE (Groundball, 4MD, EV 105.0 MPH)
|
Batting: RHB Hugo Bautista
|
0-0: Called Strike 0-1: Swinging Strike 0-2: Ball 1-2: Foul Ball, location: 2F 1-2: Strikes out swinging
|
Batting: SHB Tristan Dearing
|
0-0: Called Strike 0-1: Called Strike Yasahiko Teshima steals 2nd base 0-2: Ball 1-2: Foul Ball, location: 2F 1-2: Ball Wild Pitch! Yasahiko Teshima to third 2-2: Foul Ball, location: 2F 2-2: Ground out 4-3 (Groundball, 34, EV 85.0 MPH)
|
Top of the 3rd over - 0 runs, 1 hit, 0 errors, 1 left on base; Princeton 2 - Detroit (APP) 0 |
BOTTOM OF THE 3RD |
Detroit (APP) Tigers batting - Pitching for Princeton Rays : RHP Brian Ramirez
|
Batting: LHB Bryan Heiner
|
0-0: Ball 1-0: Called Strike 1-1: Ball 2-1: Ground out 3-1 (Groundball, 34S, EV 65.0 MPH)
|
Batting: RHB Brian Bartholomew
|
0-0: Ball 1-0: Ball 2-0: Foul Ball, location: 2F 2-1: Ball 3-1: Fly out, F8 (Flyball, 8LM, EV 92.5 MPH)
|
Batting: RHB Raul Villa
|
0-0: Ball 1-0: Foul Ball, location: 2F 1-1: Ball 2-1: Swinging Strike 2-2: Ball 3-2: Strikes out swinging
|
Bottom of the 3rd over - 0 runs, 0 hits, 0 errors, 0 left on base; Princeton 2 - Detroit (APP) 0 |
TOP OF THE 4TH |
Princeton Rays batting - Pitching for Detroit (APP) Tigers : RHP Eric Teixeira
|
Batting: RHB Jorge Molina
|
0-0: Ball 1-0: Called Strike 1-1: Foul Ball, location: 2F 1-2: Foul Ball, location: 2F 1-2: Ball 2-2: Foul Ball, location: 2F 2-2: Strikes out swinging
|
Batting: RHB Eric Bushey
|
0-0: Reached on error, E9 (Flyball, 9D, EV 91.3 MPH)
|
Batting: RHB Andy Torres
|
0-0: Foul Ball, location: 2F 0-1: Called Strike 0-2: Ball 1-2: Strikes out swinging
|
Batting: RHB Jimmy Hammertime
|
0-0: Ball 1-0: Called Strike 1-1: Foul Ball, location: 2F 1-2: Fly out, F9 (Flyball, 9S, EV 79.4 MPH)
|
Top of the 4th over - 0 runs, 0 hits, 1 error, 1 left on base; Princeton 2 - Detroit (APP) 0 |
BOTTOM OF THE 4TH |
Detroit (APP) Tigers batting - Pitching for Princeton Rays : RHP Brian Ramirez
|
Batting: RHB Drew Shamis
|
0-0: Ball 1-0: Called Strike 1-1: Ball 2-1: Foul Ball, location: 2F 2-2: Foul Ball, location: 2F 2-2: Foul Ball, location: 2F 2-2: Ball 3-2: Base on Balls
|
Batting: RHB Mark Williamson
|
0-0: Ball 1-0: Called Strike 1-1: Foul Ball, location: 2F 1-2: Strikes out swinging
|
Batting: RHB Danny Doster
|
0-0: Called Strike 0-1: Ball 1-1: Ball 2-1: Ball 3-1: Called Strike 3-2: Base on Balls Drew Shamis to second
|
Batting: LHB Mike Elliott
|
0-0: Called Strike 0-1: Ball 1-1: Called Strike 1-2: Fly out, F7 (Flyball, 78M, EV 93.8 MPH)
|
Batting: RHB Mike Pollock
|
0-0: Fielders Choice at 2nd, 5-4 (Groundball, 5, EV 83.1 MPH)
|
Bottom of the 4th over - 0 runs, 0 hits, 0 errors, 2 left on base; Princeton 2 - Detroit (APP) 0 |
TOP OF THE 5TH |
Princeton Rays batting - Pitching for Detroit (APP) Tigers : RHP Eric Teixeira
|
Batting: LHB Jason McCamey
|
0-0: Called Strike 0-1: Called Strike 0-2: Strikes out swinging
|
Pitching: RHP Quadir O'Bryant
|
|
Batting: RHB Will Timmer
|
0-0: Ball 1-0: Ball 2-0: Called Strike 2-1: Fly out, F6 (Popup, 6MD, EV 65.0 MPH)
|
Batting: LHB Yasahiko Teshima
|
0-0: Ball 1-0: Foul Ball, location: 2F 1-1: Ball 2-1: Swinging Strike 2-2: Foul Ball, location: 2F 2-2: Strikes out swinging
|
Top of the 5th over - 0 runs, 0 hits, 0 errors, 0 left on base; Princeton 2 - Detroit (APP) 0 |
BOTTOM OF THE 5TH |
Detroit (APP) Tigers batting - Pitching for Princeton Rays : RHP Brian Ramirez
|
Batting: RHB Mike Ivanov
|
0-0: Ball 1-0: Foul Ball, location: 2F 1-1: Called Strike 1-2: Foul Ball, location: 2F 1-2: Ball 2-2: Ball 3-2: Ground out 3-1 (Groundball, 34, EV 86.9 MPH)
|
Batting: LHB Bryan Heiner
|
0-0: Ground out 3-1 (Groundball, 34, EV 89.4 MPH)
|
Batting: RHB Brian Bartholomew
|
0-0: Swinging Strike 0-1: Ground out 6-3 (Groundball, 6MS, EV 69.4 MPH)
|
Bottom of the 5th over - 0 runs, 0 hits, 0 errors, 0 left on base; Princeton 2 - Detroit (APP) 0 |
TOP OF THE 6TH |
Princeton Rays batting - Pitching for Detroit (APP) Tigers : RHP Quadir O'Bryant
|
Batting: RHB Hugo Bautista
|
0-0: Called Strike 0-1: Foul Ball, location: 2F 0-2: Foul Ball, location: 2F 0-2: Ball 1-2: Ball 2-2: Ball 3-2: Strikes out swinging
|
Batting: SHB Tristan Dearing
|
0-0: Ball 1-0: Foul Ball, location: 2F 1-1: Foul Ball, location: 2F 1-2: Foul Ball, location: 2F 1-2: Ball 2-2: Ball 3-2: Base on Balls
|
Batting: RHB Jorge Molina
|
0-0: Ball 1-0: Ball 2-0: Swinging Strike 2-1: Ball 3-1: SINGLE (Line Drive, 4MD, EV 99.4 MPH) Tristan Dearing to second
|
Batting: RHB Eric Bushey
|
0-0: Called Strike 0-1: Ball 1-1: Foul Ball, location: 2F 1-2: Ball 2-2: Ball 3-2: Base on Balls Tristan Dearing to third Jorge Molina to second
|
Batting: RHB Andy Torres
|
0-0: Foul Ball, location: 2F 0-1: Ball 1-1: SINGLE (Groundball, 6, EV 80.6 MPH) (infield hit) Tristan Dearing scores Jorge Molina to third Eric Bushey to second
|
Batting: RHB Jimmy Hammertime
|
0-0: Fly out, F8 (Flyball, 8LS, EV 87.5 MPH)
|
Batting: LHB Jason McCamey
|
0-0: Ball 1-0: Ball 2-0: Ground out 4-3 (Groundball, 4, EV 88.8 MPH)
|
Top of the 6th over - 1 run, 2 hits, 0 errors, 3 left on base; Princeton 3 - Detroit (APP) 0 |
BOTTOM OF THE 6TH |
Detroit (APP) Tigers batting - Pitching for Princeton Rays : RHP Brian Ramirez
|
Batting: RHB Raul Villa
|
0-0: Swinging Strike 0-1: Called Strike 0-2: Ball 1-2: Ball 2-2: Strikes out swinging passed ball, reaches first!
|
Batting: RHB Drew Shamis
|
0-0: Ball 1-0: Swinging Strike 1-1: Reached on error, E4 (Groundball, 34, EV 98.1 MPH) Raul Villa to second
|
Batting: RHB Mark Williamson
|
0-0: Called Strike Raul Villa steals 3rd base Drew Shamis to second 0-1: Ball 1-1: Fly out, F9 (Flyball, 9D, EV 82.5 MPH)
|
Batting: RHB Danny Doster
|
0-0: Foul Ball, location: 2F 0-1: Foul Ball, location: 2F 0-2: SINGLE (Groundball, 6MD, EV 102.5 MPH) Raul Villa scores Drew Shamis to third Runner from 3rd tries for Home, throw by CF and OUT! 8-2
|
Batting: LHB Mike Elliott
|
0-0: Ball 1-0: Ball Danny Doster steals 2nd base 2-0: Ground out 6-3 (Groundball, 6, EV 100.0 MPH)
|
Bottom of the 6th over - 1 run, 1 hit, 1 error, 1 left on base; Princeton 3 - Detroit (APP) 1 |
TOP OF THE 7TH |
Princeton Rays batting - Pitching for Detroit (APP) Tigers : RHP Quadir O'Bryant
|
Pitching: LHP Carlos Medina
|
|
Batting: RHB Will Timmer
|
0-0: Ball 1-0: DOUBLE (Groundball, 3L, EV 101.3 MPH)
|
Batting: LHB Yasahiko Teshima
|
0-0: Called Strike 0-1: Ground out 4-3 (Groundball, 4, EV 90.6 MPH) Will Timmer to third
|
Batting: RHB Hugo Bautista
|
0-0: Called Strike 0-1: SINGLE (Groundball, 56D, EV 105.6 MPH) Will Timmer scores
|
Batting: SHB Tristan Dearing
|
0-0: Ball 1-0: Foul Ball, location: 2F 1-1: Foul Ball, location: 2F 1-2: Ball Hugo Bautista steals 2nd base 2-2: Ground out 5-3 (Groundball, 5, EV 104.4 MPH)
|
Batting: RHB Jorge Molina
|
0-0: Fly out, F7 (Line Drive, 7, EV 92.5 MPH)
|
Top of the 7th over - 1 run, 2 hits, 0 errors, 1 left on base; Princeton 4 - Detroit (APP) 1 |
BOTTOM OF THE 7TH |
Detroit (APP) Tigers batting - Pitching for Princeton Rays : RHP Brian Ramirez
|
Pitching: LHP Rick Sarratt
|
|
Batting: RHB Mike Pollock
|
0-0: Ground out 4-3 (Groundball, 4D, EV 98.8 MPH)
|
Batting: RHB Mike Ivanov
|
0-0: Ball 1-0: Foul Ball, location: 2F 1-1: Swinging Strike 1-2: Ball 2-2: Ball 3-2: Base on Balls
|
Batting: LHB Bryan Heiner
|
0-0: Fielders Choice at 2nd, 4-6 (Groundball, 4, EV 83.8 MPH)
|
Batting: RHB Brian Bartholomew
|
0-0: Ball 1-0: Called Strike 1-1: Foul Ball, location: 2F 1-2: TRIPLE (Flyball, 89XD, EV 95.0 MPH) Bryan Heiner scores
|
Batting: RHB Raul Villa
|
0-0: Ball 1-0: Ball 2-0: Ball Steal of home, Brian Bartholomew is safe 3-0: Base on Balls
|
Batting: RHB Drew Shamis
|
0-0: Fly out, F3 (Popup, 3SF, EV 76.3 MPH)
|
Bottom of the 7th over - 2 runs, 1 hit, 0 errors, 1 left on base; Princeton 4 - Detroit (APP) 3 |
TOP OF THE 8TH |
Princeton Rays batting - Pitching for Detroit (APP) Tigers : LHP Carlos Medina
|
Batting: RHB Eric Bushey
|
0-0: Foul Ball, location: 2F 0-1: Ball 1-1: Called Strike 1-2: Foul Ball, location: 2F 1-2: Strikes out looking
|
Batting: RHB Andy Torres
|
0-0: Ground out 4-3 (Groundball, 4, EV 83.1 MPH)
|
Batting: RHB Jimmy Hammertime
|
0-0: Ball 1-0: Foul Ball, location: 2F 1-1: Ball 2-1: Foul Ball, location: 2F 2-2: Strikes out looking
|
Top of the 8th over - 0 runs, 0 hits, 0 errors, 0 left on base; Princeton 4 - Detroit (APP) 3 |
BOTTOM OF THE 8TH |
Detroit (APP) Tigers batting - Pitching for Princeton Rays : LHP Rick Sarratt
|
Batting: RHB Mark Williamson
|
0-0: Ball 1-0: Ball 2-0: Called Strike 2-1: Ball 3-1: Swinging Strike 3-2: Strikes out swinging
|
Batting: RHB Danny Doster
|
0-0: Ball 1-0: Foul Ball, location: 2F 1-1: Ball 2-1: Ground out 6-3 (Groundball, 6D, EV 86.3 MPH)
|
Batting: LHB Mike Elliott
|
0-0: Ball 1-0: Ball 2-0: Foul Ball, location: 2F 2-1: Ball 3-1: Fly out, F4 (Popup, 34D, EV 70.0 MPH)
|
Bottom of the 8th over - 0 runs, 0 hits, 0 errors, 0 left on base; Princeton 4 - Detroit (APP) 3 |
TOP OF THE 9TH |
Princeton Rays batting - Pitching for Detroit (APP) Tigers : LHP Carlos Medina
|
Batting: LHB Jason McCamey
|
0-0: Ball 1-0: Called Strike 1-1: Ball 2-1: Ball 3-1: SINGLE (Line Drive, 34D, EV 100.6 MPH)
|
Batting: RHB Will Timmer
|
0-0: SINGLE (Groundball, 6D, EV 105.0 MPH) Jason McCamey to second Runner from 2nd tries for 3rd, SAFE, throw by LF made to third
|
Batting: LHB Yasahiko Teshima
|
0-0: Foul Ball, location: 2F 0-1: Ball 1-1: Ball 2-1: Foul Ball, location: 2F 2-2: Ground out 6-3 (Groundball, 4, EV 85.6 MPH) Will Timmer to second
|
Batting: RHB Hugo Bautista
|
0-0: Intentional Walk
|
Batting: SHB Tristan Dearing
|
0-0: Called Strike 0-1: Foul Ball, location: 2F 0-2: Strikes out swinging
|
Batting: RHB Jorge Molina
|
0-0: Ball 1-0: Called Strike 1-1: Foul Ball, location: 2F 1-2: Ball 2-2: Ground out 3-1 (Groundball, 34, EV 108.1 MPH)
|
Top of the 9th over - 0 runs, 2 hits, 0 errors, 3 left on base; Princeton 4 - Detroit (APP) 3 |
BOTTOM OF THE 9TH |
Detroit (APP) Tigers batting - Pitching for Princeton Rays : LHP Rick Sarratt
|
Pitching: LHP Xu-gang Zhou
|
|
Now at 1B: Lucas Burhil
|
|
Batting: RHB Mike Pollock
|
0-0: Called Strike 0-1: Swinging Strike 0-2: Foul Ball, location: 2F 0-2: Foul Ball, location: 2F 0-2: Hit by Pitch
|
Batting: RHB Mike Ivanov
|
0-0: Ball 1-0: Bunt missed! 1-1: Sac Bunt to 3S - play at first, batter OUT! 3-1 Mike Pollock to second
|
Pinch Hitting: RHB Aaron Raymond
|
0-0: Ball 1-0: DOUBLE (Flyball, 89D, EV 96.9 MPH) Mike Pollock scores
|
Batting: RHB Brian Bartholomew
|
0-0: Swinging Strike 0-1: Ball 1-1: Fly out, F7 (Flyball, 7LMF, EV 96.9 MPH)
|
Batting: RHB Raul Villa
|
0-0: Intentional Walk
|
Batting: RHB Drew Shamis
|
0-0: Called Strike 0-1: Ground out 1-3 (Groundball, 15S, EV 73.1 MPH)
|
Bottom of the 9th over - 1 run, 1 hit, 0 errors, 2 left on base; Princeton 4 - Detroit (APP) 4 |
TOP OF THE 10TH |
Princeton Rays batting - Pitching for Detroit (APP) Tigers : LHP Carlos Medina
|
Pitching: LHP Dan Okerlund
|
|
Now in RF: Aaron Raymond
|
|
Pinch Hitting: RHB Orlando Herrera
|
0-0: Ball 1-0: Ball 2-0: Ball 3-0: Called Strike 3-1: Foul Ball, location: 2F 3-2: Foul Ball, location: 2F 3-2: Base on Balls
|
Pinch Hitting: RHB Bill Gomez
|
0-0: Sac Bunt to 13 - play at first, batter OUT! 1-4 Orlando Herrera to second
|
Batting: RHB Jimmy Hammertime
|
0-0: Intentional Walk
|
Batting: LHB Jason McCamey
|
0-0: Ball 1-0: Foul Ball, location: 2F 1-1: Ball Orlando Herrera is caught stealing 3rd base 2-5 2-1: Foul Ball, location: 2F 2-2: Strikes out swinging
|
Top of the 10th over - 0 runs, 0 hits, 0 errors, 1 left on base; Princeton 4 - Detroit (APP) 4 |
BOTTOM OF THE 10TH |
Detroit (APP) Tigers batting - Pitching for Princeton Rays : LHP Xu-gang Zhou
|
Now at 1B: Bill Gomez
|
|
Now in RF: Orlando Herrera
|
|
Batting: RHB Mark Williamson
|
0-0: Foul Ball, location: 2F 0-1: Ball 1-1: Ground out 5-3 (Groundball, 5L, EV 92.5 MPH)
|
Batting: RHB Danny Doster
|
0-0: Ball 1-0: Called Strike 1-1: Ball 2-1: Swinging Strike 2-2: Ball 3-2: Foul Ball, location: 2F 3-2: Strikes out swinging
|
Batting: LHB Mike Elliott
|
0-0: Ball 1-0: Ball 2-0: Foul Ball, location: 2F 2-1: Foul Ball, location: 2F 2-2: Strikes out swinging
|
Bottom of the 10th over - 0 runs, 0 hits, 0 errors, 0 left on base; Princeton 4 - Detroit (APP) 4 |
TOP OF THE 11TH |
Princeton Rays batting - Pitching for Detroit (APP) Tigers : LHP Dan Okerlund
|
Batting: RHB Will Timmer
|
0-0: Called Strike 0-1: Foul Ball, location: 2F 0-2: Ball 1-2: Foul Ball, location: 2F 1-2: Strikes out swinging
|
Batting: RHB Lucas Burhil
|
0-0: Fly out, F9 (Flyball, 9S, EV 88.8 MPH)
|
Batting: RHB Hugo Bautista
|
0-0: Called Strike 0-1: Called Strike 0-2: Ball 1-2: Fly out, F9 (Flyball, 9D, EV 98.1 MPH)
|
Top of the 11th over - 0 runs, 0 hits, 0 errors, 0 left on base; Princeton 4 - Detroit (APP) 4 |
BOTTOM OF THE 11TH |
Detroit (APP) Tigers batting - Pitching for Princeton Rays : LHP Xu-gang Zhou
|
Pitching: LHP Israel Benchio
|
|
Batting: RHB Mike Pollock
|
0-0: Called Strike 0-1: Ball 1-1: Ball 2-1: SOLO HOME RUN (Flyball, 7D, EV 99.4 MPH), Distance : 372 ft
|
|
Game Over ... Detroit (APP) defeats Princeton, 5 to 4
|
|
 |
Thursday, March 31st , 2022 - OOTP Baseball 22.12 Build 89
|
|